 Dungeon Crawl Stone Soup version 0.31-a0-236-g9a0961fb85 (webtiles) character file.

Game seed: 18277122395420409404

77 qw the Shooter (level 4, -2/26 HPs)
             Began as a Gargoyle Hexslinger on July 10, 2023.
             Slain by a gnoll
             ... wielding a +2 heavy spear
              (3 damage)
             ... on level 3 of the Dungeon.
             The game lasted 00:00:34 (1216 turns).

qw the Shooter (Gargoyle Hexslinger)                Turns: 1216, Time: 00:00:35

Health: -2/26      AC: 10    Str: 11    XL:     4   Next: 34%
Magic:  5/5        EV: 10    Int: 14    God:
Gold:   82         SH:  0    Dex: 14    Spells: 4/5 levels left

rFire   . . .        Y - +2 sling (freeze)
rCold   . . .        (no shield)
rNeg    + . .        c - +0 ring mail
rPois   inf          k - +0 helmet
rElec   +            e - +0 cloak
rCorr   .            (no gloves)
SInv    .            (no boots)
Will    .....        (no amulet)
Stlth   +            (no ring)
HPRegen 0.24/turn    (no ring)
MPRegen 0.09/turn

%: no passive effects
@: no status effects
A: sickness immunity, AC +3, negative energy resistance 1, electricity
resistance, torment resistance 1, petrification resistance
a: no special abilities


You were on level 3 of the Dungeon.
You visited 1 branch of the dungeon, and saw 3 of its levels.

You collected 156 gold pieces.
You spent 74 gold pieces at shops.


Innate Abilities, Weirdness & Mutations

You are immune to sickness and miasma.
Your stone body is resilient. (AC +3)
You are immune to poison.
You resist negative energy. (rN+)
You are resistant to electric shocks. (rElec)
You are resistant to unholy torment.
You are immune to petrification.


   Skills:
 - Level 2.0 Fighting
 + Level 4.0 Ranged Weapons
 - Level 1.0 Armour
 - Level 1.5 Dodging
 - Level 1.0 Spellcasting
 - Level 2.6 Hexes


You had 4 spell levels left.
You knew the following spells:

 Your Spells              Type           Power      Damage    Failure   Level
a - Slow                  Hex            32%        N/A       21%         1

Your spell library contained the following spells:

 Spells                   Type           Power      Damage    Failure   Level
 Inner Flame              Hex/Fire       4%         N/A       71%         3
 Portal Projectile        Hex/Tloc       8%         N/A       71%         3
 Cause Fear               Hex            4%         N/A       90%         4

Inventory:

Hand Weapons
 Y - a +2 sling of freezing (weapon)
Armour
 c - a +0 ring mail (worn)
 d - a +2 robe of fire resistance
 e - a +0 cloak (worn)
 k - a +0 helmet (worn)
Scrolls
 g - a scroll of enchant armour {unknown}
 h - a scroll of silence {unknown}
Potions
 a - a potion of attraction {unknown}
 b - a potion of might {unknown}
 f - a potion of curing

Dungeon Overview and Level Annotations

Branches:
Dungeon (3/15)

Altars:

Shops:
D:3 [


Message History

You shoot a sling bullet. The sling bullet hits the gnoll!
The sling bullet freezes the gnoll.
The gnoll is almost dead.
The gnoll barely misses you. x2
You shoot a sling bullet.
The sling bullet closely misses the gnoll.
The gnoll shouts!
The gnoll barely misses you.
The gnoll hits you from afar with a +2 heavy spear!
You shoot a sling bullet. The sling bullet hits the gnoll.
The sling bullet freezes the gnoll.
You kill the gnoll!
The kobold hits you but does no damage. The kobold barely misses you.
The rat bites you. The gnoll closely misses you.
Your Ranged Weapons skill increases to level 4!
You shoot a sling bullet.
The sling bullet closely misses the rat.
The rat bites you. The kobold hits you but does no damage.
You shoot a sling bullet. The sling bullet hits the rat.
The sling bullet freezes the rat.
You kill the rat!
The gnoll completely misses you.
An adder comes into view.
The kobold closely misses you.
You shoot a sling bullet. The adder hisses angrily.
The sling bullet hits the kobold but does no damage.
The gnoll hits you from afar with a +2 heavy spear!
The kobold hits you but does no damage. x2; The gnoll misses you.
You shoot a sling bullet. The sling bullet hits the gnoll.
The sling bullet freezes the gnoll.
The gnoll is moderately wounded.
The gnoll hits you from afar with a +2 heavy spear.
The kobold hits you but does no damage. The gnoll hits you with a +0 whip.
You shoot a sling bullet. The sling bullet hits the gnoll.
The sling bullet freezes the gnoll.
The gnoll is severely wounded.
The kobold hits you but does no damage.
The gnoll hits you from afar with a +2 heavy spear.
You die...

...# ...#
#......#
...#
#......#
...#
#......#
...#
#......#
...#
#......#
...##.
..###S...!.#
......
.....ggK)..#
...##. #@#
#### #.#
...# #.#
#..#
##.####### #
# #........#
# #........#
# #........#
# #........#
# #........#


You could see 2 gnolls, an adder and a kobold.

Vanquished Creatures
  2 gnolls (D:3)
  A worm (D:2)
  3 dart slugs
  2 endoplasms (D:2)
  2 giant cockroaches
  3 hobgoblins (D:2)
  2 kobolds (D:1)
  4 quokkas
  9 ball pythons
  7 bats
  4 goblins
  11 rats
50 creatures vanquished.

Notes
Turn   | Place    | Note
-------+----------+-------------------------------------------
     0 | D:1      | qw the Gargoyle Hexslinger began the quest for the Orb.
     0 | D:1      | Reached XP level 1. HP: 12/12 MP: 2/2
     0 | D:1      | 0 ||| qw: Version: 0.3-a-52-g30416fa
     0 | D:1      | 0 ||| qw: Game counter: 4764
     0 | D:1      | 0 ||| qw: Melee chars always use a shield: true
     0 | D:1      | 0 ||| qw: God list: Okawaru
     0 | D:1      | 0 ||| qw: Allow faded altars: false
     0 | D:1      | 0 ||| qw: Do Orc after clearing Dungeon:15 true
     0 | D:1      | 0 ||| qw: Do second Lair branch before Depths: true
     0 | D:1      | 0 ||| qw: Lair rune preference: random
     0 | D:1      | 0 ||| qw: Goals: Normal
     0 | D:1      | 0 ||| PLANNING D:1-11
    46 | D:1      | 46 ||| SWAPPING to +2 sling of freezing.
    47 | D:1      | 47 ||| DROPPING +1 sling.
    98 | D:1      | Reached XP level 2. HP: 16/16 MP: 3/3
   398 | D:1      | Reached skill level 3 in Ranged Weapons
   587 | D:1      | 587 ||| UPGRADING to +0 leather armour.
   597 | D:1      | 597 ||| DROPPING +0 robe.
   598 | D:1      | 598 ||| UPGRADING to +0 cloak.
   603 | D:1      | 603 ||| UPGRADING to +0 helmet.
   608 | D:1      | 608 ||| READING 2 scrolls labelled OSESUECHEPN.
   609 | D:1      | 609 ||| READING scroll labelled SOEL OFFAU.
   610 | D:1      | 610 ||| READING scroll labelled TAYNAT IQEL.
   611 | D:1      | 611 ||| DROPPING scroll of poison.
   612 | D:1      | 612 ||| DROPPING scroll of blinking.
   703 | D:2      | Reached XP level 3. HP: 21/21 MP: 4/4
   779 | D:2      | Found a faded altar of an unknown god.
  1040 | D:2      | 1040 ||| UPGRADING to +0 ring mail.
  1050 | D:2      | 1050 ||| DROPPING +0 leather armour.
  1051 | D:2      | 1051 ||| READING scroll labelled QOEMOE DOSTITE.
  1056 | D:2      | 1056 ||| DRINKING 2 glowing emerald potions.
  1078 | D:3      | Found Xius's Antique Armour Emporium.
  1085 | D:3      | 1085 ||| Stepping ~*~*~tactically~*~*~ (outnumbered).
  1101 | D:3      | 1101 ||| BUYING glowing robe (74 gold).
  1101 | D:3      | Bought a glowing robe for 74 gold pieces
  1101 | D:3      | 1101 ||| SHOPLISTING heavily runed ring mail (180 gold,
                  | have 60).
  1101 | D:3      | 1101 ||| SHOPLISTING shiny ring mail (140 gold, have 60).
  1170 | D:3      | Reached skill level 1 in Armour
  1170 | D:3      | Reached XP level 4. HP: 26/26 MP: 5/5
  1212 | D:3      | Reached skill level 4 in Ranged Weapons
  1214 | D:3      | HP: 6/26 [gnoll/+2 heavy spear (7)]
  1215 | D:3      | HP: 1/26 [gnoll/+0 whip (5)]
  1216 | D:3      | Slain by a gnoll

Levels and vault maps discovered:
D:1:      heliophobic_arrival_ceremonial_halls, layout_loops_ring
D:2:      layout_rooms, dreamdust_ecumenical_altar_grove, st_stairs_14,
          minmay_pentomino_u4
D:3:      layout_basic, serial_shops, nicolae_shop_gibbet_a_chance,
          amcnicky_mini_corridor_feature

Skill      XL: |  1  2  3  4 |
---------------+-------------+-----
Ranged Weapons | 3 4 |  4.0
Fighting       | 2 |  2.0
Armour         | 1 |  1.0
Dodging        | |  1.5
Spellcasting   | |  1.0
Hexes          | |  2.6

Action                     |  1- 3 |  4- 6 || total
---------------------------+-------+-------++-------
   Fire: Sling             |    87 |    16 ||   103
    Use: Scroll            |     4 |       ||     4
         Potion            |     1 |       ||     1
 Armour: Robe              |     3 |       ||     3
         Ring mail         |     4 |     9 ||    13
         Leather armour    |     2 |       ||     2
  Dodge: Dodged            |    16 |    10 ||    26

Table legend:
 A = Non-vault XP
 B = Vault XP
 C = Vault XP percentage of total XP
 D = Non-vault monster count
 E = Vault monster count
 F = Vault count percentage of total count
                 A         B        C        D         E       F
            +---------+---------+-------+---------+---------+-------
      Total |     104 |       7 |   6.3 |      46 |       4 |   8.0
            +---------+---------+-------+---------+---------+-------
        D:1 |      27 |       0 |   0.0 |      20 |       0 |   0.0
        D:2 |      35 |       7 |  16.7 |      16 |       4 |  20.0
        D:3 |      42 |       0 |   0.0 |      10 |       0 |   0.0
            +---------+---------+-------+---------+---------+-------
